 Dungeon Crawl Stone Soup version 0.26.1-11-gd32895ea62 (webtiles) character file.

Game seed: 9086187713781200124

60 Martska the Ducker (level 3, -7/28 HPs)
             Began as a Demonspawn Gladiator on July 10, 2021.
             Mangled by a gnoll
             ... wielding a +0 halberd
              (9 damage)
             ... on level 2 of the Dungeon.
             The game lasted 00:02:11 (2284 turns).

Martska the Ducker (Demonspawn Gladiator)           Turns: 2284, Time: 00:02:11

Health: -7/28      AC:  5    Str: 15    XL:     3   Next: 80%
Magic:  3/3        EV: 13    Int:  9    God:
Gold:   88         SH:  5    Dex: 14    Spells: 2/2 levels left

rFire    . . .     SeeInvis .   a - +0 war axe
rCold    . . .     Faith    .   (no shield)
rNeg     . . .     Spirit   .   b - +0 leather armour
rPois    .         Reflect  +   c - +0 helmet
rElec    .         Harm     .   (no cloak)
rCorr    .         Rampage  .   (no gloves)
Will     .....                  (no boots)
Stlth    ++........             l - amulet of reflection
HPRegen  0.09/turn              m - ring of stealth
MPRegen  0.08/turn              (no ring)

@: hasted, very quick
A: sharp scales 1
a: no special abilities


You were on level 2 of the Dungeon.
You visited 1 branch of the dungeon, and saw 2 of its levels.

You collected 88 gold pieces.

Inventory:

Hand Weapons
 a - a +0 war axe (weapon)
Missiles
 d - 3 throwing nets (quivered)
Armour
 b - a +0 leather armour (worn)
 c - a +0 helmet (worn)
Jewellery
 l - an amulet of reflection (around neck)
 m - a ring of stealth (left hand)
Scrolls
 f - a scroll of identify {unknown}
 g - 3 scrolls of blinking {unknown}
 h - 4 scrolls of remove curse {unknown}
 i - a scroll of enchant armour {unknown}
 j - a scroll of fog {unknown}
 k - a scroll of enchant weapon {unknown}
 n - a scroll of noise {unknown}
Potions
 o - a potion of heal wounds {unknown}
 p - a potion of curing {unknown}
 q - a potion of might {unknown}


   Skills:
 * Level 2.6 Fighting
 * Level 3.1 Axes
 - Level 1.7 Throwing
 * Level 1.3 Armour
 * Level 3.2 Dodging


You had 2 spell levels left.
You didn't know any spells.
Your spell library was empty.

Dungeon Overview and Level Annotations

Branches:
Dungeon (2/15)

Altars:
Wu Jian


Innate Abilities, Weirdness & Mutations

You are partially covered in razor-sharp scales. (AC +1, Slay +1)


Message History

The gnoll hits you but does no damage.
There is an open door here.
You hit the gnoll.
The gnoll is moderately wounded.
You block the gnoll's attack. The gnoll barely misses you. x2
You hit the gnoll.
The gnoll is moderately wounded.
The gnoll hits you from afar with a +0 spear!
* * * LOW HITPOINT WARNING * * *
The gnoll closely misses you. The gnoll misses you.
You hit the gnoll.
The gnoll is heavily wounded.
The gnoll closely misses you.
The gnoll hits you from afar with a +0 spear.
* * * LOW HITPOINT WARNING * * *
The gnoll barely misses you.
It was a potion of haste.
You feel yourself speed up. The gnoll hits you but does no damage.
The gnoll hits you from afar with a +0 halberd!
You die...

..#.#..##......# ##...## #.# #.#
.##..#####.##### ###.#####.###.#
.#...# #.# #.......#...... #†..##
##+# #.#.###.##..... .##†.#
##...# #.#.###.##.##.#
#.##.###.....## #.#.....##.##.#
#....##.......## #..###..##.##..
...###........g####...##..##.##..
..... ........gg@................
...###........g####...#...##.###.
.#.# #.......## ##.#....##.....
##.# ##.....## ###....######.
##...# #.#### #. ##+# #.# ## #.#
# #.# # #.# #


You could see 4 gnolls.

Vanquished Creatures
  2 adders (D:2)
  3 dart slugs
  3 leopard geckos (D:1)
  2 bats
  A giant cockroach (D:1)
  7 goblins
  2 hobgoblins (D:1)
  A ball python (D:1)
  5 frilled lizards
  4 kobolds
  3 rats
33 creatures vanquished.

Notes
Turn   | Place    | Note
-------+----------+-------------------------------------------
     0 | D:1      | Martska the Demonspawn Gladiator began the quest for the
                  | Orb.
     0 | D:1      | Reached XP level 1. HP: 16/16 MP: 1/1
   583 | D:1      | Gained mutation: You are partially covered in razor-sharp
                  | scales. (AC +1, Slay +1) [demonic ancestry]
   583 | D:1      | Reached XP level 2. HP: 17/22 MP: 2/2
   963 | D:1      | Reached skill level 1 in Armour
   973 | D:1      | Reached XP level 3. HP: 12/28 MP: 3/3
  1558 | D:1      | You fall into a shaft and drop 1 floor!
  2138 | D:2      | Found an ornate altar of the Wu Jian Council.
  2284 | D:2      | Mangled by a gnoll

Illustrated notes

Levels and vault maps discovered:
D:1:      lightli_arrival_statue_moat, layout_basic, minmay_liquid_box,
          kennysheep_pointless_box
D:2:      layout_loops_corners, nzn_wu_jian_council_hall, minmay_tetromino_s4

Skill      XL: |  1  2 |
---------------+-------+-----
Dodging        | 3 |  3.2
Axes           | 3 |  3.1
Armour         | 1 |  1.3
Fighting       | |  2.6
Throwing       | |  1.7

Action                   || total
-------------------------++-------
Melee: War axe           ||   123
  Use: Potion            ||     1
Armor: Leather armour    ||    41
Dodge: Dodged            ||    95
Block: Other             ||     3
